 Dungeon Crawl Stone Soup version 0.16.1-28-gcc2312f (webtiles) character file.

117 gornard the Grave Robber (level 4, -5/30 HPs)
             Began as a Vampire Necromancer on June 1, 2015.
             Was an Initiate of Vehumet.
             Killed from afar by an orc wizard (8 damage)
             ... with a puff of frost
             ... on level 3 of the Dungeon.
             The game lasted 00:36:59 (2871 turns).

gornard the Grave Robber (Vampire Necromancer)      Turns: 2871, Time: 00:36:59

Health: -5/30      AC:  3    Str:  7    XL:     4   Next: 71%
Magic:  4/8        EV: 12    Int: 18    God:    Vehumet [......]
Gold:   82         SH:  0    Dex: 14    Spells: 4 memorised, 0 levels left

rFire  . . .     SeeInvis +     d - +1 hunting sling
rCold  . . .     Clarity  .     o - +0 leather armour
rNeg   + . .     SustAb   .     (no shield)
rPois  .         Gourm    .     (no helmet)
rElec  .         Spirit   .     (no cloak)
rCorr  .         Warding  .     (no gloves)
rMut   .         Stasis   +     (no boots)
MR     .....                    j - amulet of stasis
Stlth  ++........               (no ring)
                                (no ring)

@: regenerating (expiring), not resistant to hostile enchantments, unstealthy
A: bottle blood, fangs 3, see invisible, unbreathing
a: Bat Form, Renounce Religion


You were on level 3 of the Dungeon.
You worshipped Vehumet.
Vehumet was noncommittal.
You were not thirsty.

You visited 1 branch of the dungeon, and saw 3 of its levels.

You collected 82 gold pieces.

Inventory:

Hand weapons
 d - a +1 hunting sling (weapon)
 e - a +0 whip
 h - a +0 dagger
Missiles
 f - 12 sling bullets (quivered)
 g - 61 arrows
Armour
 a - a +1 robe
 n - a +0 ring mail
 o - a +0 leather armour (worn)
Jewellery
 j - an amulet of stasis (around neck)
 p - an uncursed amulet of the gourmand
Magical devices
 c - a wand of frost (11)
 l - a wand of polymorph (13)
Scrolls
 i - a scroll of enchant weapon
 k - 2 scrolls of teleportation
 m - a scroll of remove curse
 q - a scroll of recharging
Books
 b - a book of Necromancy

   Spells                             Type                      Level
   a - Pain                           Necromancy                   1
   b - Animate Skeleton               Necromancy                   1
   c - Vampiric Draining              Necromancy                   3
   d - Regeneration                   Charms/Necromancy            3
   e - Animate Dead                   Necromancy                   4
   f - Control Undead                 Necromancy                   4


   Skills:
 + Level 0.1 Fighting
 + Level 1.9 Slings
 + Level 0.1 Armour
 + Level 2.5 Dodging
 + Level 3.1 Stealth
 + Level 0.4 Unarmed Combat
 + Level 2.7 Spellcasting
 + Level 5.1 Necromancy


You couldn't memorise any spells.
You knew the following spells:

 Your Spells              Type           Power        Failure   Level  Hunger
a - Pain                  Necr           ###.         3%          1    None
b - Animate Skeleton      Necr           N/A          3%          1    None
c - Vampiric Draining     Necr           ###.......   12%         3    ###....
d - Regeneration          Chrm/Necr      ##........   28%         3    ###....


Dungeon Overview and Level Annotations

Branches:
Dungeon (3/15)

Altars:
Vehumet


Innate Abilities, Weirdness & Mutations

You can bottle blood from corpses.
You have razor-sharp teeth.
You have supernaturally acute eyesight.
You can survive without breathing.


Message History

Your bat skeleton barely misses the giant cockroach.
The giant cockroach bites your bat skeleton.
Your bat skeleton misses the giant cockroach.
Your bat skeleton hits the giant cockroach but does no damage.
Your bat skeleton misses the giant cockroach.
The giant cockroach closely misses your bat skeleton.
The orc priest invokes the aid of Beogh against you.
Something smites you!
* * * LOW HITPOINT WARNING * * *
Your bat skeleton hits the giant cockroach but does no damage.
Your bat skeleton completely misses the giant cockroach.
The giant cockroach bites your bat skeleton.
Your bat skeleton hits the giant cockroach but does no damage.
The orc wizard looks braver.
There is a stone staircase leading down here.
Your bat skeleton hits the giant cockroach but does no damage.
Your bat skeleton hits the giant cockroach.
The orc wizard gestures at you while chanting.
The puff of frost hits you!
You die...

.... #....<....... .....
#..........# ##..#.
####..........#
..#...###..#.....^....#
.(.†..................#
..###..#.............#.###
.......$(.o....(......#...#
.####sZ..o...#.......###.##
###..o@..##.#.######..#
#......##.........#.. .....
#......####.#####<..#
......##..#...# #.# ####..
.... .....###.>.
..####..... ###..###...#
#### #.#........
..........######
#......####
#..#.........###>..###
#...<#..........§...#####


You could see an orc priest, an orc wizard, an orc, a giant cockroach and a
friendly bat skeleton.

Vanquished Creatures
  Ijyb (D:2)
  Jessica (D:2)
  2 adders
  A giant mite (D:3)
  A worm (D:2)
  A giant gecko (D:1)
  An ooze (D:1)
  7 bats
  2 giant cockroaches
  4 goblins
  7 hobgoblins
  6 jackals (D:2)
  2 quokkas
  2 giant newts
  A goblin skeleton (D:2)
  A jackal skeleton (D:2)
  10 kobolds
  2 kobold skeletons (D:1)
  8 rats
60 creatures vanquished.

Vanquished Creatures (collateral kills)
  An ooze (D:2)
  A ball python (D:2)
  A rat (D:2)
3 creatures vanquished.

Vanquished Creatures (others)
  A bat skeleton (D:1)
  A ball python skeleton (D:2)
  A giant gecko skeleton (D:1)
  A giant newt skeleton (D:2)
  2 hobgoblin skeletons (D:2)
  3 jackal skeletons (D:2)
  A kobold skeleton (D:2)
10 creatures vanquished.

Grand Total: 73 creatures vanquished

Notes
Turn   | Place    | Note
--------------------------------------------------------------
     0 | D:1      | gornard, the Vampire Necromancer, began the quest for the Orb.
     0 | D:1      | Reached XP level 1. HP: 13/13 MP: 3/3
   141 | D:1      | Learned a level 1 spell: Animate Skeleton
   235 | D:1      | Reached XP level 2. HP: 11/19 MP: 2/4
  1472 | D:2      | Reached XP level 3. HP: 24/24 MP: 6/6
  1795 | D:2      | Noticed Jessica
  1797 | D:2      | Killed Jessica
  1797 | D:2      | Reached skill level 1 in Slings
  1943 | D:2      | Reached skill level 5 in Necromancy
  2220 | D:2      | Noticed Ijyb
  2232 | D:2      | Killed Ijyb
  2232 | D:2      | Reached XP level 4. HP: 28/30 MP: 8/8
  2437 | D:3      | Found a radiant altar of Vehumet.
  2648 | D:3      | Became a worshipper of Vehumet
  2791 | D:3      | Learned a level 3 spell: Vampiric Draining
  2795 | D:3      | Learned a level 3 spell: Regeneration
  2869 | D:3      | HP: 1/30 [orc priest/divine providence (10)]
  2871 | D:3      | Killed from afar by an orc wizard

Action                   |  1- 3 |  4- 6 || total
-------------------------+-------+-------++-------
Melee: Unarmed           |    12 |       ||    12
 Fire: Hunting sling     |   109 |    40 ||   149
 Cast: Pain              |    12 |     5 ||    17
       Animate Skeleton  |    16 |     3 ||    19
       Regeneration      |       |     1 ||     1
  Use: Scroll            |     7 |     2 ||     9
       Potion            |     1 |       ||     1
  Eat: Corpse            |     3 |     3 ||     6
